 Dungeon Crawl Stone Soup version 0.22.1-2-g9c5b331 (webtiles) character file.

1000 Fang the Chopper (level 8, -3/76 HPs)
             Began as a Gargoyle Berserker on Dec 13, 2018.
             Was an Elder of Trog.
             Slain by Duvessa
             ... wielding a +0 short sword
              (6 damage)
             ... on level 4 of the Dungeon.
             The game lasted 00:04:42 (4389 turns).

Fang the Chopper (Gargoyle Berserker)               Turns: 4389, Time: 00:04:42

Health: -3/76      AC:  9    Str: 28    XL:     8   Next: 19%
Magic:  8/8        EV: 12    Int: 13    God:    Trog [****..]
Gold:   170        SH:  0    Dex:  9    Spells: 7/7 levels left

rFire    + + .     SeeInvis .   o - -2 hand axe (curse)
rCold    x . .     Gourm    .   (no shield)
rNeg     + + .     Faith    .   p - +0 robe "Ruam" {*Corrode rPois rF+ Int+5} (curse)
rPois    ∞         Spirit   .   t - +2 hat
rElec    +         Reflect  .   (no cloak)
rCorr    .         Harm     .   (no gloves)
MR       .....                  (no boots)
Stlth    ..........             (no amulet)
HPRegen  0.22/turn              j - ring of Ynwatoe {Fire rN+}
MPRegen  0.11/turn              (no ring)

@: berserking (expiring), starving, very quick
A: negative energy resistance 1, electricity resistance, unbreathing,
petrification resistance, rot immunity, AC +5
a: Berserk, Trog's Hand, Brothers in Arms, Renounce Religion


You were on level 4 of the Dungeon.
You worshipped Trog.
Trog was greatly pleased with you.
You were starving.

You visited 1 branch of the dungeon, and saw 4 of its levels.
You also visited: Sewer.

You collected 170 gold pieces.

Inventory:

Hand Weapons
 a - a +1 hand axe
 o - a cursed -2 hand axe (weapon)
 v - a cursed -3 hand axe
Armour
 i - a +0 plate armour
 p - the cursed +0 robe "Ruam" (worn) {*Corrode rPois rF+ Int+5}
   (You found it on level 4 of the Dungeon)

   It affects your intelligence (+5).
   It protects you from fire.
   It protects you from poison.
   It may corrode you when you take damage.
   It has a curse placed upon it.
 t - a +2 hat (worn)
Jewellery
 j - the ring of Ynwatoe (left hand) {Fire rN+}
   (You found it on level 4 of the Dungeon)

   [ring of fire]

   It enhances your fire magic.
   It protects you from fire.
   It makes you vulnerable to cold.
   It protects you from negative energy.
Scrolls
 b - 5 scrolls of identify {unknown}
 d - 3 scrolls of magic mapping {unknown}
 e - a scroll of blinking
 f - 4 scrolls of remove curse {unknown}
 g - a scroll of teleportation
 h - a scroll of random uselessness {unknown}
 m - a scroll of enchant weapon
 n - a scroll of amnesia
 r - a scroll of noise
Potions
 k - 2 potions of invisibility {unknown}
 l - 7 potions of curing {unknown}
 q - 7 potions of heal wounds {unknown}
 s - a potion of agility {unknown}
 u - a potion of might {unknown}
 x - a potion of cancellation {unknown}
Comestibles
 c - 8 rations


   Skills:
 + Level 6.0 Fighting
 + Level 6.8 Axes
 + Level 4.2 Armour
 + Level 2.3 Dodging
 + Level 0.7 Stealth


You had 7 spell levels left.
You didn't know any spells.
Your spell library was empty.

Dungeon Overview and Level Annotations

Branches:
Dungeon (4/15)
 Temple: D:4-7

Altars:
Cheibriados
Fedhas
Gozag
Hepliaklqana
Ru
Sif Muna
Zin

Annotations:
D:4 Duvessa


Innate Abilities, Weirdness & Mutations

You are resistant to torment.
Your stone body is resilient. (AC +5)
You are immune to poison.
You resist negative energy. (rN+)
You are resistant to electric shocks. (rElec)
You can survive without breathing.
You are immune to petrification.
You are immune to rotting.


Message History

Duvessa hits you with a short sword!
You completely miss Duvessa.
Duvessa is lightly wounded.
Duvessa hits you with a short sword!
* * * LOW HITPOINT WARNING * * *
You hit Duvessa.
Duvessa is lightly wounded.
Duvessa hits you with a short sword!
* * * LOW HITPOINT WARNING * * *
You hit Duvessa but do no damage.
Duvessa is lightly wounded.
Duvessa hits you with a short sword.
* * * LOW HITPOINT WARNING * * *
You barely miss Duvessa.
Duvessa is lightly wounded.
Duvessa barely misses you.
You hit Duvessa.
Duvessa is lightly wounded.
Duvessa hits you with a short sword.
You die...

#########..[.............##
#........####....#
#.....#.#####.##.#
##.........##.##.#
#.......#.##.##.##
#...#####'#####..#
#..##8##...##8##.#
#.##...##.##...###
#.#_.#e@'.'..#._#
#.##..)##.##(..###
#########..##8# #####8##.#
#...........## #.# ###..#
#.........### #.###.#..#
#.........# #..##.#..#
##._.......# #####.##....#
...........# #......###.##
##.........# #......###.#


You could see Duvessa (berserk).

Vanquished Creatures
  Eustachio (D:4)
  A phantom (D:4)
  A big kobold (Sewer)
  Dowan (D:4)
  A scorpion (D:4)
  2 orc wizards (D:4)
  5 orc priests
  An iguana (D:4)
  2 worker ants (D:4)
  A hound skeleton (D:4)
  Robin (D:4)
  5 adders
  8 river rats
  2 oozes
  6 worms
  3 dart slugs
  4 leopard geckos
  14 orcs
  8 ball pythons
  5 bats
  6 giant cockroaches
  17 goblins
  7 hobgoblins
  4 jackals
  3 quokkas
  7 frilled lizards
  A jackal skeleton (D:4)
  24 kobolds
  29 rats
170 creatures vanquished.

Notes
Turn   | Place    | Note
-------+----------+-------------------------------------------
     0 | D:1      | Fang the Gargoyle Berserker began the quest for the Orb.
     0 | D:1      | Reached XP level 1. HP: 14/14 MP: 1/1
    66 | D:1      | Reached XP level 2. HP: 15/19 MP: 2/2
   235 | D:1      | Reached XP level 3. HP: 24/24 MP: 3/3
   379 | D:1      | Reached ** piety under Trog
   737 | D:2      | Reached XP level 4. HP: 15/29 MP: 4/4
  1160 | D:3      | Reached XP level 5. HP: 4/33 MP: 5/5
  1569 | D:3      | Reached *** piety under Trog
  1698 | D:3      | Found a snail-covered altar of Cheibriados.
  2026 | D:4      | Noticed a phantom
  2073 | D:4      | Killed a phantom
  2073 | D:4      | Reached XP level 6. HP: 39/39 MP: 6/6
  2124 | D:4      | Found a blossoming altar of Fedhas.
  2274 | D:4      | Reached skill level 5 in Axes
  2312 | D:4      | Got a faintly humming robe
  2345 | D:4      | Reached skill level 5 in Fighting
  2449 | D:4      | Found a sacrificial altar of Ru.
  2484 | D:4      | Found a glowing drain.
  2489 | Sewer    | Entered a sewer
  2505 | Sewer    | Reached XP level 7. HP: 35/44 MP: 7/7
  2587 | Sewer    | Reached **** piety under Trog
  3194 | D:4      | Identified the cursed +0 robe "Ruam" {*Corrode rPois rF+
                  | Int+5} (You found it on level 4 of the Dungeon)
  3650 | D:4      | Noticed Eustachio
  3660 | D:4      | Killed Eustachio
  3660 | D:4      | Reached XP level 8. HP: 51/51 MP: 8/8
  3700 | D:4      | Found an opulent altar of Gozag.
  3700 | D:4      | Found a glowing silver altar of Zin.
  3736 | D:4      | Noticed Robin
  3748 | D:4      | Reached ***** piety under Trog
  3755 | D:4      | Killed Robin
  4322 | D:4      | Got a glittering iron ring
  4323 | D:4      | Identified the ring of Ynwatoe {Fire rN+} (You found it on
                  | level 4 of the Dungeon)
  4359 | D:4      | Found a deep blue altar of Sif Muna.
  4366 | D:4      | Found a hazy altar of Hepliaklqana.
  4366 | D:4      | Noticed Duvessa
  4366 | D:4      | Noticed Dowan
  4377 | D:4      | Killed Dowan
  4387 | D:4      | HP: 3/76 [Duvessa/short sword (5)]
  4389 | D:4      | Slain by Duvessa

Skill      XL: |  1  2  3  4  5  6  7  8 |
---------------+-------------------------+-----
Axes           | 3 4 5 6 |  6.8
Fighting       | 4 5 6 |  6.0
Dodging        | 2 |  2.3
Armour         | 3 4 |  4.2
Stealth        | |  0.7

Action                   |  1- 3 |  4- 6 |  7- 9 || total
-------------------------+-------+-------+-------++-------
Melee: Hand axe          |   113 |   242 |   198 ||   553
Invok: Berserk           |       |     2 |     3 ||     5
  Use: Scroll            |       |       |     7 ||     7
 Stab: Sleeping          |       |       |     1 ||     1
  Eat: Chunk             |       |     7 |     7 ||    14
Armor: Animal skin       |    18 |       |       ||    18
       Plate armour      |    28 |   188 |   103 ||   319
       Robe              |       |       |    32 ||    32
Dodge: Dodged            |    75 |   110 |   103 ||   288
